 Dungeon Crawl Stone Soup version 0.28.0-43-g3370ac3207 (webtiles) character file.

Game seed: 12000910606225845475

2867 jimonade the Cleaver (level 9, -3/81 HPs)
             Began as a Minotaur Berserker on Mar 14, 2022.
             Was a Priest of Trog.
             Slain by an orc warrior
             ... wielding a +0 halberd
              (15 damage)
             ... on level 7 of the Dungeon.
             The game lasted 00:18:26 (7880 turns).

jimonade the Cleaver (Minotaur Berserker)           Turns: 7880, Time: 00:18:27

Health: -3/81      AC: 17    Str: 26    XL:     9   Next: 47%
Magic:  8/8        EV:  8    Int:  4    God:    Trog [***...]
Gold:   215        SH:  0    Dex: 10    Spells: 8/8 levels left

rFire   . . .      SeeInvis .   a - +0 hand axe
rCold   . . .      Faith    .   (no shield)
rNeg    . . .      Spirit   .   D - +0 plate armour
rPois   .          Reflect  .   (helmet restricted)
rElec   .          Harm     .   A - +0 cloak
rCorr   .          Rampage  .   m - +1 pair of gloves
Will    .....                   (no boots)
Stlth   ..........              (no amulet)
HPRegen 0.23/turn               (no ring)
MPRegen 0.11/turn               (no ring)

@: on berserk cooldown, slowed, very slow
A: horns 2, retaliatory headbutt
a: Renounce Religion, Berserk, Trog's Hand


You were on level 7 of the Dungeon.
You worshipped Trog.
Trog was most pleased with you.
You visited 1 branch of the dungeon, and saw 7 of its levels.

You collected 215 gold pieces.

Inventory:

Hand Weapons
 a - a +0 hand axe (weapon)
 i - a +1 dagger of venom
 y - a +0 whip of electrocution
 B - a +0 glaive of flaming
Missiles
 c - 8 poisoned darts
 d - 220 stones (quivered)
 j - 25 arrows
 k - 36 bolts
 u - 55 sling bullets
Armour
 m - a +1 pair of gloves (worn)
 A - a +0 cloak (worn)
 C - +0 steam dragon scales
 D - a +0 plate armour (worn)
Scrolls
 b - 2 scrolls of blinking
 e - a scroll of magic mapping
 f - 3 scrolls of fear
 h - 2 scrolls of vulnerability
 l - a scroll of teleportation
 s - 3 scrolls of identify
Potions
 g - 3 potions of degeneration
 n - a potion of brilliance {unknown}
 p - 2 potions of cancellation
 r - 2 potions of lignification
 v - a potion of resistance {unknown}
 w - 3 potions of flight
 x - 3 potions of curing
 z - 2 potions of mutation


   Skills:
 * Level 7.9 Fighting
 * Level 10.4 Axes
 * Level 4.1 Throwing
 * Level 9.0 Armour
 - Level 2.1 Dodging
 - Level 0.2 Stealth


You had 8 spell levels left.
You didn't know any spells.
Your spell library was empty.

Dungeon Overview and Level Annotations

Branches:
Dungeon (7/15)             Temple (0/1) D:4

Altars:

Shops:
D:2 =?(*   D:6 !


Innate Abilities, Weirdness & Mutations

You have a pair of horns on your head.
You reflexively headbutt those who attack you in melee.


Message History

The gnoll hits you with a +0 spear. The orc warrior barely misses you.
The gnoll completely misses you.
Things that are here:
a +0 whip; a +0 club; a gnoll corpse You barely miss the gnoll.
You headbutt the gnoll, but do no damage.
The orc warrior hits you but does no damage.
The gnoll barely misses you.
You slash the gnoll! You headbutt the gnoll.
You kill the gnoll!
Trog accepts your kill. The orc warrior barely misses you.
The orc warrior barely misses you. The orc warrior closely misses you.
You furiously retaliate!
You headbutt the orc warrior.
There is an open door, spattered with blood here.
Items here: )) ††.
The orc warrior closely misses you. You furiously retaliate!
You headbutt the orc warrior.
Things that are here:
a +0 spear; a gnoll corpse You hit the orc warrior but do no damage.
Your headbutt misses the orc warrior.
The orc warrior is heavily wounded.
The orc warrior hits you but does no damage.
You hit the orc warrior.
The orc warrior is severely wounded.
The orc warrior hits you with a +0 halberd.
You hit the orc warrior. You headbutt the orc warrior.
The orc warrior is almost dead.
The orc warrior hits you with a +0 halberd.
You hit the orc warrior but do no damage.
The orc warrior is almost dead.
The orc warrior hits you with a +0 halberd!
* * * LOW HITPOINT WARNING * * *
The orc warrior hits you with a +0 halberd!
* * * LOW HITPOINT WARNING * * *
You barely miss the orc warrior.
The orc warrior is almost dead.
The orc warrior hits you with a +0 halberd!
You die...

###.... .....
..... ..[ ...
#.# #)####
####)...####
#.))@)......
####.##o.......
+....##...)...>
####.######..!.
##...# ....
#....+ ...
##....# ..
#...### #...#


You could see an orc warrior.

Vanquished Creatures
  Maggie (D:6)
  Grinder (D:4)
  The ghost of styxcanada the Covert, an amateur SpBr of Gozag (D:5)
  The ghost of issech the Cudgeller, an amateur TrMo (D:3)
  Menkaure (D:6)
  An orc warrior (D:6)
  A sky beast (D:5)
  2 necrophages
  5 ogres
  A phantom (D:5)
  2 bullfrogs (D:6)
  3 scorpions
  3 water moccasin skeletons
  A centaur zombie (D:6)
  A jelly (D:4)
  3 orc priests
  4 hounds
  A gnoll shaman (D:7)
  2 iguanas (D:6)
  3 orc wizards (D:6)
  A hound zombie (D:5)
  5 adders
  12 gnolls
  A shadow imp (D:6)
  A worm (D:2)
  14 orcs
  5 endoplasms
  4 giant cockroaches
  7 goblins
  3 hobgoblins
  9 kobolds
  6 quokkas
  4 ball pythons
  2 bats
  4 frilled lizards
  3 rats
119 creatures vanquished.

Vanquished Creatures (others)
  2 fungi (D:1)
  2 plants (D:1)
4 creatures vanquished.

Grand Total: 123 creatures vanquished

Notes
Turn   | Place    | Note
-------+----------+-------------------------------------------
     0 | D:1      | jimonade the Minotaur Berserker began the quest for the
                  | Orb.
     0 | D:1      | Reached XP level 1. HP: 19/19 MP: 0/0
   229 | D:1      | Reached XP level 2. HP: 26/27 MP: 1/1
   437 | D:1      | Reached skill level 4 in Axes
   489 | D:1      | Found a faded altar of an unknown god.
   822 | D:2      | Reached ** piety under Trog
   919 | D:2      | Found Jielacw's Magic Scroll Shop.
  1077 | D:2      | Found Zulire's General Store.
  1082 | D:2      | Reached XP level 3. HP: 34/34 MP: 2/2
  1193 | D:2      | Found Boozaoq's Antique Weapon Shop.
  1465 | D:2      | Found Tarhaqimn's Jewellery Boutique.
  1532 | D:2      | Reached XP level 4. HP: 27/41 MP: 3/3
  1533 | D:2      | Reached skill level 5 in Axes
  2348 | D:3      | Found a runed translucent door.
  2422 | D:3      | Noticed issech's ghost (amateur TrMo)
  2570 | D:3      | Killed issech's ghost
  2571 | D:3      | Reached skill level 5 in Fighting
  2571 | D:3      | Reached skill level 1 in Throwing
  2571 | D:3      | Reached XP level 5. HP: 48/48 MP: 4/4
  2633 | D:4      | Reached skill level 6 in Axes
  2633 | D:4      | Reached XP level 6. HP: 50/56 MP: 5/5
  2816 | D:4      | Found a staircase to the Ecumenical Temple.
  3447 | D:4      | Reached XP level 7. HP: 59/62 MP: 6/6
  3532 | D:4      | Noticed Grinder
  3538 | D:4      | Killed Grinder
  3539 | D:4      | Reached skill level 7 in Axes
  3539 | D:4      | Reached skill level 5 in Armour
  3923 | D:5      | Entered Level 5 of the Dungeon
  4388 | D:5      | Reached XP level 8. HP: 43/71 MP: 7/7
  4711 | D:5      | Reached skill level 8 in Axes
  4737 | D:5      | Noticed styxcanada's ghost (amateur SpBr)
  4739 | D:5      | Found a runed translucent door.
  5277 | D:5      | Killed styxcanada's ghost
  5413 | D:6      | Reached *** piety under Trog
  5612 | D:6      | Reached skill level 9 in Axes
  5937 | D:6      | Noticed Menkaure
  6174 | D:6      | Killed Menkaure
  6175 | D:6      | Reached XP level 9. HP: 79/79 MP: 8/8
  7044 | D:6      | Noticed Maggie
  7067 | D:6      | Killed Maggie
  7068 | D:6      | Reached skill level 10 in Axes
  7437 | D:6      | Found Lifausma's Distillery.
  7880 | D:7      | Slain by an orc warrior

Illustrated notes

Levels and vault maps discovered:
D:1:      psy_arrival_whirlpool, layout_rooms, dreamdust_ecumenical_altar_grove
D:2:      layout_loops_ring, serial_shops, shop, shop, nicolae_shop_waterfront,
          nicolae_shop_hallway_plus, minmay_puff
D:3:      layout_loops_cross, ebering_ghost_reflecting_pool
D:4:      layout_basic, minmay_temple_entry_hall, uniq_grinder
D:5:      layout_cave_pools, hellmonk_ghost_happy_afterlife,
          serial_bayou_pond_a, feat_on_display
D:6:      layout_basic, serial_shops, shop_statue,
          kennysheep_opposing_triangles, uniq_menkaure, uniq_maggie
D:7:      layout_basic, enter_bailey_4

Skill      XL: |  1  2  3  4  5  6  7  8  9 |
---------------+----------------------------+-----
Fighting       | 4 5 6 7 |  7.9
Axes           | 4 5 6 7 9 10 | 10.4
Armour         | 3 4 6 7 9 |  9.0
Throwing       | 1 2 3 4 |  4.1
Dodging        | |  2.1
Stealth        | |  0.2

Action                   |  1- 3 |  4- 6 |  7- 9 || total
-------------------------+-------+-------+-------++-------
Melee: Hand axe          |    65 |    84 |   263 ||   412
       Headbutt          |    13 |    14 |    48 ||    75
       Punch             |       |     1 |     4 ||     5
Invok: Berserk           |       |     1 |     5 ||     6
       Trog's Hand       |       |       |     1 ||     1
  Use: Scroll            |       |       |    14 ||    14
Armor: Animal skin       |     4 |       |       ||     4
       Chain mail        |    12 |    34 |   110 ||   156
       Plate armour      |       |       |    17 ||    17
Dodge: Dodged            |    40 |    28 |    97 ||   165
